 Dungeon Crawl Stone Soup version 0.27.1-33-g824d729ab1 (webtiles) character file.

Game seed: 17681318026357070429

128 belegose the Charlatan (level 5, -12/42 HPs)
             Began as a Ghoul Artificer on Dec 26, 2021.
             Mangled by an orc wizard (19 damage)
             ... on level 3 of the Dungeon.
             The game lasted 00:05:08 (2719 turns).

belegose the Charlatan (Ghoul Artificer)            Turns: 2719, Time: 00:05:10

Health: -12/42     AC:  6    Str: 16    XL:     5   Next: 12%
Magic:  4/4        EV: 11    Int:  6    God:
Gold:   83         SH:  0    Dex: 10    Spells: 4/4 levels left

rFire    . . .     SeeInvis .   k - +2 dagger (speed)
rCold    + . .     Faith    .   (no shield)
rNeg     + + +     Spirit   .   n - +0 ring mail
rPois    ∞         Reflect  .   (no helmet)
rElec    .         Harm     .   (no cloak)
rCorr    .         Rampage  .   (no gloves)
Will     .....                  m - +0 pair of boots
Stlth    +.........             j - amulet of regeneration
HPRegen  0.00/turn              (no ring)
MPRegen  0.09/turn              (no ring)

@: inhibited regen
A: claws 1, cold resistance 1, negative energy resistance 3, inhibited
regeneration, torment resistance 2
a: no special abilities


You were on level 3 of the Dungeon.
You visited 1 branch of the dungeon, and saw 3 of its levels.

You collected 83 gold pieces.

Inventory:

Hand Weapons
 k - a +2 dagger of speed (weapon)
Missiles
 a - 21 poisoned darts
 b - 3 boomerangs
 h - 99 stones
Armour
 m - a +0 pair of boots (worn)
 n - a +0 ring mail (worn)
Jewellery
 j - an amulet of regeneration (around neck)
Wands
 c - a wand of flame (15) (quivered)
 d - a wand of charming (15)
Scrolls
 f - a scroll of vulnerability {unknown}
 g - 4 scrolls of identify {unknown}
 l - a scroll of immolation {unknown}
 o - a scroll of blinking {unknown}
 p - a scroll of noise {unknown}
 s - 3 scrolls of enchant armour {unknown}
Potions
 i - a potion of lignification
 r - a potion of curing {unknown}
Miscellaneous
 e - a piece from Xom's chessboard (15/15)


   Skills:
 + Level 2.3 Fighting
 + Level 1.4 Short Blades
 - Level 1.8 Armour
 + Level 2.0 Dodging
 + Level 2.6 Stealth
 + Level 3.3 Evocations


You had 4 spell levels left.
You didn't know any spells.
Your spell library contained the following spells:

 Spells                   Type           Power      Damage    Failure   Level
 Apportation              Tloc           0%         N/A       67%         1
 Corona                   Hex            0%         N/A       67%         1
 Ensorcelled Hibernation  Hex/Ice        0%         N/A       80%         2
 Tukima's Dance           Hex            0%         N/A       95%         3
 Alistair's Intoxication  Tmut/Pois      0%         N/A       100%        5
 Invisibility             Hex            0%         N/A       100%        6


Dungeon Overview and Level Annotations

Branches:
Dungeon (3/15)

Altars:

Shops:
D:1 [


Innate Abilities, Weirdness & Mutations

You thrive by killing the living.
You are immune to poison.
You have sharp fingernails.
Your flesh is cold resistant. (rC+)
You are immune to negative energy. (rN+++)
You do not regenerate when monsters are visible.
You are immune to unholy pain and torment.


Message History

The puff of flame hits you.
You closely miss the orc wizard. You closely miss the orc wizard.
The orc wizard hits you with a +0 dagger.
You barely miss the orc wizard.
The orc wizard hits you but does no damage.
You hit the orc wizard.
The orc wizard is moderately wounded.
You barely miss the orc wizard.
The orc wizard is moderately wounded.
You hit the orc wizard.
The orc wizard is heavily wounded.
A magic dart appears from out of thin air!
The magic dart hits you.
You closely miss the orc wizard.
The orc wizard is heavily wounded.
The orc wizard barely misses you.
You barely miss the orc wizard.
The orc wizard is heavily wounded.
The orc wizard hits you but does no damage.
You hit the orc wizard but do no damage.
The orc wizard is heavily wounded.
Something hits you.
You closely miss the orc wizard.
The orc wizard is heavily wounded.
The orc wizard casts a spell at you.
You are confused.
It was a potion of lignification.
You feel woody for a moment. Something hits you.
You are electrocuted!
* * * LOW HITPOINT WARNING * * *
The orc wizard points at you and mumbles some strange words.
You resist with some effort.
It was a potion of cancellation.
Your magical effects are unravelling.
You feel magically purged.
You feel less confused. Something hits you.
* * * LOW HITPOINT WARNING * * *
You are electrocuted!!
You die...

.......##.##....##.. #.
#...#.......##....##.. #.
#...#.....####...).... #..
#...#.....# #........
#...#...#.....# ##+##†....
#..o#...#.....# #....###..
#.......#.....###....# #..
#.......#......##....###..
#.......#@o....+.....##...
#####...##{#...#......#...
+>..o..#####......#...
#......# #......#...
####...# #......#... #...#
#... #...# #... #...# #...
#...# #...


You could see an orc wizard.

Vanquished Creatures
  7 adders
  A dart slug (D:1)
  4 orcs
  6 ball pythons
  2 bats (D:3)
  2 endoplasms
  3 giant cockroaches
  5 hobgoblins
  8 jackals
  3 quokkas
  2 frilled lizards (D:1)
  7 goblins
  6 kobolds
56 creatures vanquished.

Vanquished Creatures (others)
  7 plants (D:1)
7 creatures vanquished.

Grand Total: 63 creatures vanquished

Notes
Turn   | Place    | Note
-------+----------+-------------------------------------------
     0 | D:1      | belegose the Ghoul Artificer began the quest for the Orb.
     0 | D:1      | Reached XP level 1. HP: 16/16 MP: 0/0
    91 | D:1      | Found a faded altar of an unknown god.
   111 | D:1      | Reached skill level 1 in Dodging
   515 | D:1      | Found Waetuk Puock's Antique Armour Shoppe.
   522 | D:1      | Reached XP level 2. HP: 23/23 MP: 1/1
  1340 | D:1      | Reached XP level 3. HP: 28/28 MP: 2/2
  1430 | D:1      | Reached skill level 3 in Evocations
  1696 | D:2      | Reached skill level 1 in Short Blades
  1817 | D:2      | Reached XP level 4. HP: 36/36 MP: 3/3
  2549 | D:3      | Reached XP level 5. HP: 33/41 MP: 4/4
  2719 | D:3      | Mangled by an orc wizard

Illustrated notes

Levels and vault maps discovered:
D:1:      minmay_arrival_solitary_statue, layout_loops_ring,
          ebering_ecumenical_altar_box, serial_shops, shop,
          minmay_shallow_snake_nest
D:2:      layout_basic
D:3:      layout_basic, st_stairs_9

Skill      XL: |  1  2  3  4 |
---------------+-------------+-----
Dodging        | 1 2 |  2.0
Evocations     | 3 |  3.3
Short Blades   | 1 |  1.4
Stealth        | 2 |  2.6
Fighting       | 2 |  2.3
Armour         | |  1.8

Action                   |  1- 3 |  4- 6 || total
-------------------------+-------+-------++-------
Melee: Club              |    10 |       ||    10
       Short sword       |    54 |       ||    54
       Dagger            |    92 |   133 ||   225
  Use: Potion            |       |     2 ||     2
 Stab: Sleeping          |     3 |       ||     3
Armor: Leather armour    |    31 |       ||    31
       Ring mail         |     7 |    42 ||    49
Dodge: Dodged            |    68 |    58 ||   126
